 Dungeon Crawl Stone Soup version 0.18.1-1-g2f07953 (webtiles) character file.

56 Canardh the Conjurer (level 3, 0/22 HPs)
             Began as a High Elf Conjurer on Oct 4, 2016.
             Slain by a goblin
             ... wielding a +0 club
             ... led by Robin
              (6 damage)
             ... on level 2 of the Dungeon.
             The game lasted 00:09:29 (1079 turns).

Canardh the Conjurer (High Elf Conjurer)            Turns: 1079, Time: 00:09:31

Health: 0/22       AC:  3    Str:  7    XL:     3   Next: 71%
Magic:  1/8        EV: 13    Int: 20    God:
Gold:   61         SH:  0    Dex: 15    Spells: 3 memorised, 1 level left

rFire  . . .     SeeInvis .     k - -3 hand axe (curse)
rCold  . . .     Gourm    .     a - +0 robe
rNeg   . . .     Faith    .     (no shield)
rPois  .         Spirit   .     (no helmet)
rElec  .         Dismiss  .     (no cloak)
rCorr  .         Reflect  .     i - +0 pair of gloves
SustAt .         Harm     .     (no boots)
MR     .....                    (no amulet)
Stlth  ++........               (no ring)
                                (no ring)

@: not resistant to hostile enchantments, unstealthy
A: no striking features
a: no special abilities


You were on level 2 of the Dungeon.
You were not hungry.

You visited 1 branch of the dungeon, and saw 2 of its levels.

You collected 61 gold pieces.

Inventory:

Hand Weapons
 k - a cursed -3 hand axe (weapon)
Armour
 a - a +0 robe (worn)
 i - a +0 pair of gloves (worn)
Scrolls
 d - 3 scrolls of identify {unknown}
 f - 2 scrolls of immolation {unknown}
 g - a scroll of enchant armour {unknown}
 h - 2 scrolls of remove curse {unknown}
 j - a scroll of enchant weapon {unknown}
Books
 b - a book of Conjurations

   Spells                             Type                      Level
   a - Magic Dart                     Conjuration                  1
   b - Searing Ray                    Conjuration                  2
   c - Dazzling Spray                 Conjuration/Hexes            3
   d - Fulminant Prism                Conjuration/Hexes            4
   e - Iskenderun's Mystic Blast      Conjuration                  4
   f - Iskenderun's Battlesphere      Conjuration/Charms           5
Comestibles
 l - a slice of pizza


   Skills:
 + Level 0.6 Fighting
 + Level 2.9 Dodging
 + Level 2.6 Stealth
 + Level 0.1 Unarmed Combat
 + Level 2.7 Spellcasting
 + Level 5.0 Conjurations


You had one spell level left.
You knew the following spells:

 Your Spells              Type           Power        Failure   Level  Hunger
a - Magic Dart            Conj           ###.         1%          1    None
b - Searing Ray           Conj           ###...       2%          2    ##.....
c - Dazzling Spray        Conj/Hex       ##......     17%         3    ###....


Dungeon Overview and Level Annotations

Branches:
Dungeon (2/15)

Altars:
Zin


Message History

You hit Robin but do no damage.
Robin is almost dead.
Robin closely misses you.
You hit Robin but do no damage.
Robin is almost dead.
Robin closely misses you. Robin throws the goblin at you!
You hit Robin.
You kill Robin!
You barely miss the goblin. The goblin hits you but does no damage.
The goblin hits you with a club.
You miss the goblin. You hit the goblin but do no damage.
The goblin barely misses you. The goblin hits you but does no damage.
A goblin comes into view. It is wielding a club.
You closely miss the goblin. You hit the goblin.
The goblin is moderately wounded.
The goblin no longer looks unusually strong.
The goblin hits you with a dagger.
* * * LOW HITPOINT WARNING * * *
The goblin hits you with a club.
You die...

#....
..#######†...
.[#
#.........†..
..
######<.....
#..
#.......#....
#..
..#######....
... #.(..
#.### #....
#.g@# #####
......#g#
..... #g#
.... #.# ...
#g# ... ## ..
#.# #...#. .
#g# #.....
#.######
#.....
#.##[..
..####


You could see 5 goblins.

Vanquished Creatures
  Robin (D:2)
  4 dart slugs
  2 giant cockroaches
  4 goblins (D:2)
  7 hobgoblins
  2 jackals (D:1)
  4 bats
  2 giant newts (D:1)
  4 kobolds
  7 rats
37 creatures vanquished.

Notes
Turn   | Place    | Note
--------------------------------------------------------------
     0 | D:1      | Canardh the High Elf Conjurer began the quest for the Orb.
     0 | D:1      | Reached XP level 1. HP: 11/11 MP: 4/4
   161 | D:1      | Reached XP level 2. HP: 15/17 MP: 2/6
   201 | D:1      | Learned a level 2 spell: Searing Ray
   750 | D:2      | Reached skill level 5 in Conjurations
   764 | D:2      | Reached XP level 3. HP: 18/21 MP: 0/7
   769 | D:2      | Learned a level 3 spell: Dazzling Spray
   778 | D:2      | Found a glowing silver altar of Zin.
  1019 | D:2      | Noticed Robin
  1076 | D:2      | Killed Robin
  1079 | D:2      | Slain by a goblin

Skill      XL: |  1  2 |
---------------+-------+-----
Conjurations   | 5 |  5.0
Fighting       | |  0.6
Dodging        | |  2.9
Stealth        | |  2.6
Unarmed Combat | |  0.1
Spellcasting   | |  2.7

Action                   || total
-------------------------++-------
Melee: Unarmed           ||    30
       Hand axe          ||    25
 Cast: Magic Dart        ||    62
       Searing Ray       ||     5
  Use: Potion            ||     2
 Stab: Sleeping          ||     1
  Eat: Bread ration      ||     1
Armor: Robe              ||    21
Dodge: Dodged            ||    71
